Description

The 3-Gate stalker pressure is one of the most aggressive opening in PvP. It works really well in the current meta

Notes: - Start with a 2-gate opening - Scout cannon rush after the second gas - Send a probe for proxy - pylon 2 & 3 at almost the same timing to fake the proxy - Scout the opponent after the second gate - 3rd pylon after stalkers 3 and 4 - 2 Stalkers on the first 2 gates, 2 more then (depending of how the games goes) : 3 stakers. Then you can warp - Add your nexus before the first warp

VOD

https://youtu.be/Nj_DLAcCxQ0

Replay - DPGPartinG v TSGCloudy - Simulacrum LE

Build Order

Get SALT Encoding   

  12  0:00  Probe  
  13  0:12  Probe  
  14  0:17  Pylon  
  14  0:25  Probe (Chrono Boost)  
  15  0:37  Gateway, Probe (Chrono Boost)  
  16  0:45  Probe (Chrono Boost)  
  16  0:46  Assimilator  
  17  0:51  Probe  
  17  0:54  Assimilator  
  18  1:03  Probe (Chrono Boost)  
  19  1:08  Gateway  
  19  1:13  Probe (Chrono Boost)  
  20  1:19  Probe  
  21  1:26  Cybernetics Core  
  21  1:32  Probe  
  22  1:34  Pylon  
  23  1:49  Pylon  
  23  2:00  Warp Gate (Chrono Boost)  
  24  2:02  Stalker x2  
  28  2:12  Gateway  
  28  2:24  Shield Battery  
  28  2:32  Stalker x2  
  31  2:46  Pylon  
  31  3:01  Stalker  
  31  3:27  Nexus  
  31  3:37  Stalker x3  
Spawning Tool Build Advisor. Get it on Overwolf

Go to:

Details

  • Created by: zuka      
  • Published on: Apr 18, 2020
  • Modified on: Apr 18, 2020
  • Patch: 4.11.0
Show
View Real Time Build Order
Export as new Build Order

Comments (0)

There are no comments. Be the first!

Create an account to comment!